TOP OF THE 1ST |
Houston Hammertime batting - Pitching for Redwood City Redwoods : LHP Vic Watts
|
Pitching: LHP Vic Watts
|
|
Batting: RHB John Pick
|
0-0: Ball 1-0: SINGLE (Groundball, 56D)
|
Batting: LHB Jerry Ritchie
|
0-0: Ball 1-0: DOUBLE (Groundball, 3L) John Pick to third
|
Batting: RHB Buck Jones
|
0-0: Called Strike 0-1: SINGLE (Groundball, 56D) (infield hit) John Pick scores Jerry Ritchie to third
|
Batting: SHB Cristo Ontiveros
|
0-0: Foul Ball, location: 2F 0-1: Ball 1-1: Foul Ball, location: 2F 1-2: Strikes out swinging
|
Batting: RHB Gerald Burnett
|
0-0: Ball 1-0: Ground out 6-3 (Groundball, 4M) Jerry Ritchie scores Buck Jones to second
|
Batting: RHB Santo Cruz
|
0-0: Ball 1-0: Ball 2-0: Called Strike 2-1: Swinging Strike 2-2: Foul Ball, location: 2F 2-2: Strikes out swinging
|
Top of the 1st over - 2 run(s), 3 hit(s), 0 error(s), 1 left on base; Houston 2 - Redwood City 0 |
BOTTOM OF THE 1ST |
Redwood City Redwoods batting - Pitching for Houston Hammertime : RHP Norberto Méndez
|
Pitching: RHP Norberto Méndez
|
|
Batting: LHB Paul Alexander
|
0-0: Ball 1-0: SINGLE (Line Drive, 7LM)
|
Batting: RHB Dan Martin
|
0-0: Ball 1-0: Ball 2-0: Ball 3-0: Called Strike 3-1: Swinging Strike 3-2: Foul Ball, location: 2F 3-2: Base on Balls Paul Alexander to second
|
Batting: LHB Tony Warrilow
|
0-0: Foul Ball, location: 2F 0-1: Called Strike 0-2: Foul Ball, location: 2F 0-2: Foul Ball, location: 2F 0-2: Fly out, F9 (Flyball, 9D) Runner from 2nd tags up, SAFE at 3rd, no throw
|
Batting: LHB Nicholas Alston
|
0-0: Foul Ball, location: 2F 0-1: Ball 1-1: Foul Ball, location: 2F 1-2: Foul Ball, location: 2F 1-2: Strikes out swinging
|
Batting: SHB Marvin Harris
|
0-0: Called Strike 0-1: Ball 1-1: Fly out, F6 (Popup, 6MD)
|
Bottom of the 1st over - 0 run(s), 1 hit(s), 0 error(s), 2 left on base; Houston 2 - Redwood City 0 |
TOP OF THE 2ND |
Houston Hammertime batting - Pitching for Redwood City Redwoods : LHP Vic Watts
|
Batting: RHB Emílio Carrillo
|
0-0: Foul Ball, location: 2F 0-1: Ball 1-1: Foul Ball, location: 2F 1-2: Ball 2-2: Strikes out swinging
|
Batting: RHB Mario Beltrán
|
0-0: Swinging Strike 0-1: Ball 1-1: SOLO HOME RUN (Line Drive, 89XD), Distance : 399 ft
|
Batting: LHB Fernando Camacho
|
0-0: Called Strike 0-1: Foul Ball, location: 2F 0-2: Strikes out swinging
|
Batting: RHB John Pick
|
0-0: Called Strike 0-1: Reached on error, E6 (Groundball, 56)
|
Batting: LHB Jerry Ritchie
|
0-0: Called Strike 0-1: Ball 1-1: Ball 2-1: Foul Ball, location: 2F 2-2: Foul Ball, location: 2F 2-2: SINGLE (Line Drive, 78S) John Pick to second
|
Batting: RHB Buck Jones
|
0-0: Ball 1-0: Fly out, F6 (Popup, 6MS)
|
Top of the 2nd over - 1 run(s), 2 hit(s), 1 error(s), 2 left on base; Houston 3 - Redwood City 0 |
BOTTOM OF THE 2ND |
Redwood City Redwoods batting - Pitching for Houston Hammertime : RHP Norberto Méndez
|
Batting: RHB Edgardo Gonzáles
|
0-0: Ball 1-0: Ball 2-0: Ball 3-0: Called Strike 3-1: Foul Ball, location: 2F 3-2: Base on Balls
|
Batting: LHB Patrick Bright
|
0-0: Foul Ball, location: 2F 0-1: Foul Ball, location: 2F 0-2: SINGLE (Groundball, 6MD) Edgardo Gonzáles to second Edgardo Gonzáles to third
|
Batting: RHB Anastasio García
|
0-0: Grounds into double play, 6-4-3 (Groundball, 6) Edgardo Gonzáles scores
|
Batting: LHB Alfonso Montoya
|
0-0: Ball 1-0: Foul Ball, location: 2F 1-1: Swinging Strike 1-2: Strikes out looking
|
Bottom of the 2nd over - 1 run(s), 1 hit(s), 0 error(s), 0 left on base; Houston 3 - Redwood City 1 |
TOP OF THE 3RD |
Houston Hammertime batting - Pitching for Redwood City Redwoods : LHP Vic Watts
|
Batting: SHB Cristo Ontiveros
|
0-0: Ball 1-0: Called Strike 1-1: Swinging Strike 1-2: Foul Ball, location: 2F 1-2: Foul Ball, location: 2F 1-2: Foul Ball, location: 2F 1-2: Ball 2-2: Ball 3-2: SINGLE (Groundball, 5D)
|
Batting: RHB Gerald Burnett
|
0-0: Ball 1-0: Fly out, F9 (Flyball, 9M)
|
Batting: RHB Santo Cruz
|
0-0: Ball 1-0: Called Strike 1-1: Swinging Strike 1-2: Strikes out swinging
|
Batting: RHB Emílio Carrillo
|
0-0: Swinging Strike 0-1: Foul Ball, location: 2F 0-2: Strikes out swinging
|
Top of the 3rd over - 0 run(s), 1 hit(s), 0 error(s), 1 left on base; Houston 3 - Redwood City 1 |
BOTTOM OF THE 3RD |
Redwood City Redwoods batting - Pitching for Houston Hammertime : RHP Norberto Méndez
|
Batting: LHB Paul Alexander
|
0-0: Ball 1-0: Called Strike 1-1: Ball 2-1: Swinging Strike 2-2: Strikes out swinging
|
Batting: RHB Dan Martin
|
0-0: Swinging Strike 0-1: Swinging Strike 0-2: Fly out, F8 (Flyball, 8LM)
|
Batting: LHB Tony Warrilow
|
0-0: Ball 1-0: Foul Ball, location: 2F 1-1: Ground out 4-3 (Groundball, 4)
|
Bottom of the 3rd over - 0 run(s), 0 hit(s), 0 error(s), 0 left on base; Houston 3 - Redwood City 1 |
TOP OF THE 4TH |
Houston Hammertime batting - Pitching for Redwood City Redwoods : LHP Vic Watts
|
Batting: RHB Mario Beltrán
|
0-0: Called Strike 0-1: Ball 1-1: Ball 2-1: Ground out 4-3 (Groundball, 4)
|
Batting: LHB Fernando Camacho
|
0-0: Called Strike 0-1: Ball 1-1: Fly out, F8 (Flyball, 8RXD)
|
Batting: RHB John Pick
|
0-0: Ball 1-0: Ball 2-0: Ball 3-0: Called Strike 3-1: Swinging Strike 3-2: Foul Ball, location: 2F 3-2: Base on Balls
|
Batting: LHB Jerry Ritchie
|
0-0: Ball 1-0: Fly out, F7 (Flyball, 7LS)
|
Top of the 4th over - 0 run(s), 0 hit(s), 0 error(s), 1 left on base; Houston 3 - Redwood City 1 |
BOTTOM OF THE 4TH |
Redwood City Redwoods batting - Pitching for Houston Hammertime : RHP Norberto Méndez
|
Batting: LHB Nicholas Alston
|
0-0: Swinging Strike 0-1: Foul Ball, location: 2F 0-2: Ball 1-2: Ball 2-2: Ground out 5-3 (Groundball, 15S)
|
Batting: SHB Marvin Harris
|
0-0: Foul Ball, location: 2F 0-1: Fly out, F6 (Line Drive, 6)
|
Batting: RHB Edgardo Gonzáles
|
0-0: Ground out 5-3 (Groundball, 56)
|
Bottom of the 4th over - 0 run(s), 0 hit(s), 0 error(s), 0 left on base; Houston 3 - Redwood City 1 |
TOP OF THE 5TH |
Houston Hammertime batting - Pitching for Redwood City Redwoods : LHP Vic Watts
|
Batting: RHB Buck Jones
|
0-0: Ball 1-0: Ground out 6-3 (Groundball, 6M)
|
Batting: SHB Cristo Ontiveros
|
0-0: Ball 1-0: Ground out 5-3 (Groundball, 56)
|
Batting: RHB Gerald Burnett
|
0-0: Called Strike 0-1: Foul Ball, location: 2F 0-2: Strikes out looking
|
Top of the 5th over - 0 run(s), 0 hit(s), 0 error(s), 0 left on base; Houston 3 - Redwood City 1 |
BOTTOM OF THE 5TH |
Redwood City Redwoods batting - Pitching for Houston Hammertime : RHP Norberto Méndez
|
Batting: LHB Patrick Bright
|
0-0: SOLO HOME RUN (Line Drive, 9D), Distance : 370 ft
|
Batting: RHB Anastasio García
|
0-0: Foul Ball, location: 2F 0-1: Swinging Strike 0-2: Ball 1-2: Ball 2-2: Ball 3-2: Foul Ball, location: 2F 3-2: Base on Balls
|
Batting: LHB Alfonso Montoya
|
0-0: Ball 1-0: Ball 2-0: Called Strike 2-1: SINGLE (Line Drive, 78S) Anastasio García to second
|
Batting: LHB Paul Alexander
|
0-0: Called Strike 0-1: SINGLE (Groundball, 34D) Anastasio García to third Alfonso Montoya to second
|
Batting: RHB Dan Martin
|
0-0: Ball 1-0: Swinging Strike 1-1: Swinging Strike 1-2: Foul Ball, location: 2F 1-2: Grounds into double play, 4-6-3 (Groundball, 34) Anastasio García scores Alfonso Montoya to third
|
Batting: LHB Tony Warrilow
|
0-0: Ball 1-0: Called Strike 1-1: Foul Ball, location: 2F 1-2: Ball 2-2: Ball 3-2: Foul Ball, location: 2F 3-2: Reached on error, E3 (Groundball, 3) Alfonso Montoya scores
|
Batting: LHB Nicholas Alston
|
0-0: Called Strike 0-1: Ball 1-1: Ball 2-1: Swinging Strike 2-2: Strikes out looking
|
Bottom of the 5th over - 3 run(s), 3 hit(s), 1 error(s), 1 left on base; Houston 3 - Redwood City 4 |
TOP OF THE 6TH |
Houston Hammertime batting - Pitching for Redwood City Redwoods : LHP Vic Watts
|
Batting: RHB Santo Cruz
|
0-0: DOUBLE (Flyball, 9LD)
|
Batting: RHB Emílio Carrillo
|
0-0: Called Strike 0-1: SINGLE (Line Drive, 7S) Santo Cruz to third
|
Batting: RHB Mario Beltrán
|
0-0: Ball 1-0: Called Strike 1-1: Fly out, F5 (Popup, 56S)
|
Batting: LHB Fernando Camacho
|
0-0: Ball 1-0: Foul Ball, location: 2F 1-1: Ball 2-1: Ball 3-1: Called Strike 3-2: Base on Balls Emílio Carrillo to second
|
Batting: RHB John Pick
|
0-0: Called Strike 0-1: Ball 1-1: Ball 2-1: Foul Ball, location: 2F 2-2: Fly out, F6 (Popup, 8LS)
|
Batting: LHB Jerry Ritchie
|
0-0: Foul Ball, location: 2F 0-1: Foul Ball, location: 2F 0-2: Foul Ball, location: 2F 0-2: Ball 1-2: Ground out 6-3 (Groundball, 6)
|
Top of the 6th over - 0 run(s), 2 hit(s), 0 error(s), 3 left on base; Houston 3 - Redwood City 4 |
BOTTOM OF THE 6TH |
Redwood City Redwoods batting - Pitching for Houston Hammertime : RHP Norberto Méndez
|
Batting: SHB Marvin Harris
|
0-0: Ball 1-0: Foul Ball, location: 2F 1-1: Called Strike 1-2: Foul Ball, location: 2F 1-2: Strikes out swinging
|
Batting: RHB Edgardo Gonzáles
|
0-0: Ball 1-0: Ball 2-0: SINGLE (Line Drive, 7LM)
|
Batting: LHB Patrick Bright
|
0-0: Ball 1-0: Foul Ball, location: 2F 1-1: Ball 2-1: Ball 3-1: Base on Balls Edgardo Gonzáles to second
|
Pitching: RHP Júlio Martínez
|
|
Batting: RHB Anastasio García
|
0-0: Called Strike Edgardo Gonzáles steals 3rd base Patrick Bright to second 0-1: Ball 1-1: Ball 2-1: Swinging Strike 2-2: Strikes out swinging
|
Batting: LHB Alfonso Montoya
|
0-0: Ball 1-0: DOUBLE (Line Drive, 7LM) Edgardo Gonzáles scores Patrick Bright scores
|
Batting: LHB Paul Alexander
|
0-0: Ball 1-0: Ball 2-0: Ball 3-0: Called Strike 3-1: Called Strike 3-2: Foul Ball, location: 2F 3-2: Fly out, F7 (Flyball, 7M)
|
Bottom of the 6th over - 2 run(s), 2 hit(s), 0 error(s), 1 left on base; Houston 3 - Redwood City 6 |
TOP OF THE 7TH |
Houston Hammertime batting - Pitching for Redwood City Redwoods : LHP Vic Watts
|
Pitching: LHP George Owens
|
|
Batting: RHB Buck Jones
|
0-0: Ball 1-0: Foul Ball, location: 2F 1-1: Fly out, F8 (Line Drive, 8LD)
|
Batting: SHB Cristo Ontiveros
|
0-0: Called Strike 0-1: Ground out 6-3 (Groundball, 4MS)
|
Batting: RHB Gerald Burnett
|
0-0: Swinging Strike 0-1: Ball 1-1: Ball 2-1: Fly out, F8 (Line Drive, 8LD)
|
Top of the 7th over - 0 run(s), 0 hit(s), 0 error(s), 0 left on base; Houston 3 - Redwood City 6 |
BOTTOM OF THE 7TH |
Redwood City Redwoods batting - Pitching for Houston Hammertime : RHP Júlio Martínez
|
Batting: RHB Dan Martin
|
0-0: Called Strike 0-1: Ball 1-1: Fly out, F7 (Flyball, 7S)
|
Batting: LHB Tony Warrilow
|
0-0: Ball 1-0: Ball 2-0: Swinging Strike 2-1: DOUBLE (Flyball, 7D)
|
Batting: LHB Nicholas Alston
|
0-0: SINGLE (Groundball, 2R) (infield hit) Tony Warrilow to third
|
Batting: SHB Marvin Harris
|
0-0: Ball 1-0: 3-RUN HOME RUN (Line Drive, 89XD), Distance : 416 ft
|
Batting: RHB Edgardo Gonzáles
|
0-0: Swinging Strike 0-1: Ball 1-1: Ball 2-1: DOUBLE (Flyball, 7LD)
|
Batting: LHB Patrick Bright
|
0-0: Called Strike 0-1: Swinging Strike 0-2: SINGLE (Line Drive, 78S) Edgardo Gonzáles to third
|
Batting: RHB Anastasio García
|
0-0: Ball 1-0: SINGLE (Flyball, 78S) Edgardo Gonzáles scores Patrick Bright to second
|
Pitching: RHP Ramiro Rivera
|
|
Batting: LHB Alfonso Montoya
|
0-0: Called Strike 0-1: Foul Ball, location: 2F 0-2: Ball 1-2: Strikes out swinging
|
Batting: LHB Paul Alexander
|
0-0: Swinging Strike 0-1: DOUBLE (Line Drive, 3D) Patrick Bright scores Anastasio García to third Runner from 3rd tries for Home, throw and OUT!
|
Bottom of the 7th over - 5 run(s), 7 hit(s), 0 error(s), 1 left on base; Houston 3 - Redwood City 11 |
TOP OF THE 8TH |
Houston Hammertime batting - Pitching for Redwood City Redwoods : LHP George Owens
|
Now at C: Orlando Santos
|
|
Batting: RHB Santo Cruz
|
0-0: Ball 1-0: Called Strike 1-1: Swinging Strike 1-2: Ball 2-2: SINGLE (Flyball, 8RM)
|
Batting: RHB Emílio Carrillo
|
0-0: Foul Ball, location: 2F 0-1: Foul Ball, location: 2F 0-2: Ball 1-2: Strikes out looking
|
Batting: RHB Mario Beltrán
|
0-0: Called Strike 0-1: Ball 1-1: Ball 2-1: Ball 3-1: Base on Balls Santo Cruz to second
|
Batting: LHB Fernando Camacho
|
0-0: Swinging Strike 0-1: Called Strike 0-2: Ball 1-2: Foul Ball, location: 2F 1-2: Foul Ball, location: 2F 1-2: Foul Ball, location: 2F 1-2: Ball 2-2: Grounds into double play, 1-6-3 (Groundball, 13)
|
Top of the 8th over - 0 run(s), 1 hit(s), 0 error(s), 1 left on base; Houston 3 - Redwood City 11 |
BOTTOM OF THE 8TH |
Redwood City Redwoods batting - Pitching for Houston Hammertime : RHP Ramiro Rivera
|
Batting: RHB Dan Martin
|
0-0: Fly out, F7 (Flyball, 78M)
|
Batting: LHB Tony Warrilow
|
0-0: Ball 1-0: SINGLE (Line Drive, 7S)
|
Batting: LHB Nicholas Alston
|
0-0: Ball Tony Warrilow steals 2nd base 1-0: SINGLE (Line Drive, 4) Tony Warrilow to third
|
Batting: SHB Marvin Harris
|
0-0: Ball 1-0: Called Strike 1-1: Hit by Pitch Nicholas Alston to second
|
Batting: RHB Edgardo Gonzáles
|
0-0: Swinging Strike 0-1: Swinging Strike 0-2: Foul Ball, location: 2F 0-2: Ball 1-2: Strikes out swinging
|
Batting: LHB Patrick Bright
|
0-0: Ball 1-0: Ball 2-0: Ball 3-0: Called Strike 3-1: Foul Ball, location: 2F 3-2: Base on Balls Tony Warrilow scores Nicholas Alston to third Marvin Harris to second
|
Batting: RHB Orlando Santos
|
0-0: Called Strike 0-1: Ball 1-1: Foul Ball, location: 2F 1-2: Strikes out swinging
|
Bottom of the 8th over - 1 run(s), 2 hit(s), 0 error(s), 3 left on base; Houston 3 - Redwood City 12 |
TOP OF THE 9TH |
Houston Hammertime batting - Pitching for Redwood City Redwoods : LHP George Owens
|
Batting: RHB John Pick
|
0-0: Called Strike 0-1: Ball 1-1: Ground out 5-3 (Groundball, 5)
|
Batting: LHB Jerry Ritchie
|
0-0: Ball 1-0: Foul Ball, location: 2F 1-1: Called Strike 1-2: Strikes out looking
|
Batting: RHB Buck Jones
|
0-0: Ball 1-0: Ball 2-0: Ball 3-0: Called Strike 3-1: Base on Balls
|
Batting: SHB Cristo Ontiveros
|
0-0: Ball 1-0: Swinging Strike 1-1: Foul Ball, location: 2F 1-2: Ball 2-2: Foul Ball, location: 2F 2-2: Foul Ball, location: 2F 2-2: Ball 3-2: Foul Ball, location: 2F 3-2: Foul Ball, location: 2F 3-2: Strikes out swinging
|
Top of the 9th over - 0 run(s), 0 hit(s), 0 error(s), 1 left on base; Houston 3 - Redwood City 12 |
|